Map: World of Sleepers LE

Players

CarlMaks

  • Race: Zerg Zerg
  • League: Grandmaster
  • Spawn Location: 1:00

Maplez - Winner!

  • Race: Protoss Protoss
  • League: Master
  • Spawn Location: 7:00

VOD

Have the link to the VOD?

Description

Time

  • Played on: Jan. 6, 2020, 12:05 p.m.
  • Length: 5:28
Show
View Real Time Build Order
Export as new Build Order

CarlMaks Zerg 

Build Orders: Hatch First 

Get SALT Encoding   

  12  0:01  Drone  
  13  0:13  Overlord  
  13  0:17  Drone  
  14  0:31  Drone x2  
  16  0:49  Hatchery  
  15  0:51  Drone  
  15  0:55  Drone  
  17  0:58  Drone  
  18  1:09  Extractor  
  17  1:14  Spawning Pool  
  17  1:17  Drone  
  17  1:21  Drone  
  18  1:29  Drone  
  19  1:39  Drone  
  20  1:50  Overlord  
  20  2:00  Queen  
  20  2:01  Queen  
  24  2:02  Zergling x4  
  26  2:11  Drone  
  26  2:13  Drone  
  28  2:17  Metabolic Boost  
  28  2:23  Drone x2  
  30  2:37  Hatchery  
  30  2:40  Drone  
  30  2:42  Drone  
  31  2:47  Overlord  
  32  2:51  Drone  
  32  2:57  Zergling x4  
  34  3:06  Drone  
  34  3:07  Drone  
  34  3:10  Overlord  
  34  3:11  Drone x3  
  39  3:14  Drone  
  39  3:18  Pneumatized Carapace  
  39  3:29  Drone x3  
  39  3:30  Drone  
  39  3:31  Drone  
  43  3:35  Queen  
  43  3:41  Drone x3  
  47  3:44  Overlord  
  47  3:48  Zergling x4  
  50  3:49  Drone  
  50  3:52  Drone x2  
  50  3:55  Overlord  
  52  4:04  Drone x2  
  52  4:06  Drone  
  51  4:11  Overlord  
  51  4:12  Spore Crawler  
  51  4:15  Drone  
  51  4:16  Spore Crawler  
  50  4:17  Overlord  
  50  4:18  Drone x2  
  50  4:20  Spore Crawler  
  50  4:22  Drone  
  53  4:24  Drone  
  53  4:32  Drone  
  53  4:35  Drone x2, Roach Warren, Extractor  
  52  4:43  Drone x2  
  53  4:46  Zergling x6  
  53  4:48  Zergling x2  
  55  5:03  Zergling x4  
  51  5:18  Extractor  
  51  5:19  Extractor  
Show
View Real Time Build Order
Export as new Build Order

Maplez Protoss - Winner!

Build Orders: 1 Gate Expand, Oracle Opening 

Get SALT Encoding   

  12  0:00  Probe  
  13  0:12  Probe  
  14  0:18  Pylon  
  14  0:24  Probe (Chrono Boost)  
  15  0:37  Probe (Chrono Boost)  
  15  0:40  Gateway  
  16  0:44  Probe (Chrono Boost)  
  17  0:51  Probe, Assimilator  
  18  1:03  Probe  
  19  1:15  Probe  
  20  1:26  Nexus  
  20  1:36  Cybernetics Core  
  20  1:39  Probe  
  21  1:47  Assimilator  
  21  1:53  Probe  
  22  1:57  Pylon  
  22  2:05  Probe  
  23  2:12  Adept (Chrono Boost)  
  25  2:17  Probe  
  25  2:19  Stargate  
  26  2:27  Warp Gate  
  27  2:30  Probe (Chrono Boost)  
  27  2:32  Adept (Chrono Boost)  
  29  2:39  Probe (Chrono Boost)  
  31  2:47  Probe (Chrono Boost)  
  31  2:48  Probe (Chrono Boost)  
  32  2:53  Probe x2 (Chrono Boost)  
  32  2:55  Adept  
  36  3:02  Oracle (Chrono Boost)  
  36  3:05  Probe  
  40  3:11  Probe  
  41  3:13  Pylon  
  41  3:17  Probe  
  42  3:21  Gateway  
  42  3:25  Probe  
  43  3:29  Probe  
  43  3:34  Oracle (Chrono Boost)  
  44  3:37  Probe  
  44  3:39  Assimilator  
  44  3:41  Probe, Assimilator  
  48  3:46  Pylon  
  49  3:49  Probe  
  49  3:51  Robotics Facility  
  49  3:54  Probe  
  51  4:01  Probe  
  52  4:06  Probe  
  52  4:09  Twilight Council  
  53  4:14  Probe  
  54  4:19  Gateway x2  
  54  4:30  Probe  
  55  4:32  Shield Battery  
  55  4:38  Probe  
  55  4:40  Warp Prism (Chrono Boost)  
  58  4:49  Templar Archives  
  58  4:51  Pylon  
  58  4:57  Probe  
  58  4:59  Probe  
  60  5:09  Probe  
  60  5:11  Probe  
  60  5:13  Nexus  
  60  5:16  Pylon  
  58  5:23  Forge  
Tags
 
Add a new tag
Caveats
  • Supply blocks, unpowered buildings, or Contaminate may cause inaccurate times.
  • Supply counts are checked every 10 seconds.